TOP OF THE 1ST |
Nantucket Orcas batting - Pitching for Athens Assassins : RHP Raúl Maez
|
Pitching: RHP Raúl Maez
|
|
Batting: RHB Charlie Pérez
|
0-0: Called Strike 0-1: Foul Ball, location: 2F 0-2: Ball 1-2: Ball 2-2: Strikes out swinging
|
Batting: RHB Demetrio Inrouville
|
0-0: Called Strike 0-1: SINGLE (Groundball, 56D)
|
Batting: SHB Cristián Salazar
|
0-0: Called Strike 0-1: Ball 1-1: Ball 2-1: Foul Ball, location: 2F 2-2: Strikes out looking
|
Batting: RHB Matt Dundee
|
0-0: Called Strike Demetrio Inrouville is caught stealing 2nd base
|
Top of the 1st over - 0 runs, 1 hit, 0 errors, 0 left on base; Nantucket 0 - Athens 0 |
BOTTOM OF THE 1ST |
Athens Assassins batting - Pitching for Nantucket Orcas : RHP Terry Leroux
|
Pitching: RHP Terry Leroux
|
|
Batting: RHB Pat Johnston
|
0-0: Called Strike 0-1: Ball 1-1: Foul Ball, location: 2F 1-2: Ball 2-2: Strikes out swinging
|
Batting: RHB Maximino Abbado
|
0-0: Ball 1-0: Ground out 4-3 (Groundball, 4M)
|
Batting: RHB John Conway
|
0-0: Ball 1-0: Fly out, F9 (Flyball, 89D)
|
Bottom of the 1st over - 0 runs, 0 hits, 0 errors, 0 left on base; Nantucket 0 - Athens 0 |
TOP OF THE 2ND |
Nantucket Orcas batting - Pitching for Athens Assassins : RHP Raúl Maez
|
Batting: RHB Matt Dundee
|
0-0: Called Strike 0-1: Foul Ball, location: 2F 0-2: Strikes out swinging
|
Batting: RHB Luis Cruz
|
0-0: Ball 1-0: Swinging Strike 1-1: Fly out, F3 (Popup, 23F)
|
Batting: RHB Armando Hernández
|
0-0: Ball 1-0: Ground out 5-3 (Groundball, 5)
|
Top of the 2nd over - 0 runs, 0 hits, 0 errors, 0 left on base; Nantucket 0 - Athens 0 |
BOTTOM OF THE 2ND |
Athens Assassins batting - Pitching for Nantucket Orcas : RHP Terry Leroux
|
Batting: RHB Britt Short
|
0-0: Called Strike 0-1: Fly out, F4 (Popup, 4)
|
Batting: RHB Jonathon García
|
0-0: Called Strike 0-1: Swinging Strike 0-2: Strikes out swinging
|
Batting: RHB Kiyonaga Ogawa
|
0-0: Ball 1-0: Called Strike 1-1: Ball 2-1: Foul Ball, location: 2F 2-2: Ground out 1-3 (Groundball, 15)
|
Bottom of the 2nd over - 0 runs, 0 hits, 0 errors, 0 left on base; Nantucket 0 - Athens 0 |
TOP OF THE 3RD |
Nantucket Orcas batting - Pitching for Athens Assassins : RHP Raúl Maez
|
Batting: RHB Curt O'Brian
|
0-0: Called Strike 0-1: Ball 1-1: TRIPLE (Line Drive, 8LXD)
|
Batting: LHB Otis Campbell
|
0-0: Ball 1-0: Ball 2-0: Swinging Strike 2-1: Ball 3-1: Ground out 5-3 (Groundball, 5L)
|
Batting: RHB Juan Gómez
|
0-0: Ball 1-0: Ball 2-0: Foul Ball, location: 2F 2-1: Foul Ball, location: 2F 2-2: Foul Ball, location: 2F 2-2: Ball 3-2: Base on Balls
|
Batting: RHB Charlie Pérez
|
0-0: Ball 1-0: Called Strike 1-1: Foul Ball, location: 2F 1-2: Foul Ball, location: 2F 1-2: Ball 2-2: Strikes out looking
|
Batting: RHB Demetrio Inrouville
|
0-0: Called Strike 0-1: Ball 1-1: Called Strike 1-2: Strikes out looking
|
Top of the 3rd over - 0 runs, 1 hit, 0 errors, 2 left on base; Nantucket 0 - Athens 0 |
BOTTOM OF THE 3RD |
Athens Assassins batting - Pitching for Nantucket Orcas : RHP Terry Leroux
|
Batting: RHB Jorge Loanos
|
0-0: Called Strike 0-1: Ball 1-1: Swinging Strike 1-2: Strikes out swinging
|
Batting: RHB Justin Tomlinson
|
0-0: Ball 1-0: Called Strike 1-1: Foul Ball, location: 2F 1-2: Strikes out looking
|
Batting: RHB Alfonso Flores
|
0-0: Called Strike 0-1: Hit by Pitch
|
Batting: RHB Pat Johnston
|
0-0: Foul Ball, location: 2F 0-1: Called Strike 0-2: Foul Ball, location: 2F 0-2: Ball 1-2: Hit by Pitch Alfonso Flores to second
|
Pinch Runner at 1st Clancy Bradshaw:
|
|
Batting: RHB Maximino Abbado
|
0-0: Hit by Pitch Alfonso Flores to third Clancy Bradshaw to second
|
Batting: RHB John Conway
|
0-0: Ball 1-0: Ball 2-0: Foul Ball, location: 2F 2-1: Fielders Choice at 2nd, 5-4 (Groundball, 56)
|
Bottom of the 3rd over - 0 runs, 0 hits, 0 errors, 3 left on base; Nantucket 0 - Athens 0 |
TOP OF THE 4TH |
Nantucket Orcas batting - Pitching for Athens Assassins : RHP Raúl Maez
|
Now at SS: Clancy Bradshaw
|
|
Batting: SHB Cristián Salazar
|
0-0: Ball 1-0: Fly out, F8 (Flyball, 8RM)
|
Batting: RHB Matt Dundee
|
0-0: Ground out U3 (Groundball, 3)
|
Batting: RHB Luis Cruz
|
0-0: Ball 1-0: Called Strike 1-1: Called Strike 1-2: Ball 2-2: Ball 3-2: Foul Ball, location: 2F 3-2: Strikes out swinging
|
Top of the 4th over - 0 runs, 0 hits, 0 errors, 0 left on base; Nantucket 0 - Athens 0 |
BOTTOM OF THE 4TH |
Athens Assassins batting - Pitching for Nantucket Orcas : RHP Terry Leroux
|
Batting: RHB Britt Short
|
0-0: Foul Ball, location: 2F 0-1: Ground out 5-3 (Groundball, 56S)
|
Batting: RHB Jonathon García
|
0-0: Ball 1-0: SINGLE (Line Drive, 7LS)
|
Batting: RHB Kiyonaga Ogawa
|
0-0: Called Strike 0-1: Foul Ball, location: 2F 0-2: Ball 1-2: Strikes out swinging
|
Batting: RHB Jorge Loanos
|
0-0: Ball 1-0: Called Strike 1-1: Foul Ball, location: 2F 1-2: Ball 2-2: Ball 3-2: Ground out 5-3 (Groundball, 5L)
|
Bottom of the 4th over - 0 runs, 1 hit, 0 errors, 1 left on base; Nantucket 0 - Athens 0 |
TOP OF THE 5TH |
Nantucket Orcas batting - Pitching for Athens Assassins : RHP Raúl Maez
|
Batting: RHB Armando Hernández
|
0-0: Reached on error, E1 (Groundball, 13)
|
Batting: RHB Curt O'Brian
|
0-0: Called Strike 0-1: Swinging Strike 0-2: Strikes out looking
|
Batting: LHB Otis Campbell
|
0-0: Ball 1-0: Ball 2-0: Ball 3-0: Base on Balls Armando Hernández to second
|
Batting: RHB Juan Gómez
|
0-0: Swinging Strike 0-1: Swinging Strike 0-2: Strikes out looking
|
Batting: RHB Charlie Pérez
|
0-0: Foul Ball, location: 2F 0-1: Ball 1-1: Ball 2-1: Ball 3-1: SINGLE (Line Drive, 89S) Armando Hernández to third Otis Campbell to second Runner from 3rd tries for Home, SAFE, throw made home
|
Batting: RHB Demetrio Inrouville
|
0-0: Ground out 4-3 (Groundball, 4)
|
Top of the 5th over - 1 run, 1 hit, 1 error, 2 left on base; Nantucket 1 - Athens 0 |
BOTTOM OF THE 5TH |
Athens Assassins batting - Pitching for Nantucket Orcas : RHP Terry Leroux
|
Batting: RHB Justin Tomlinson
|
0-0: Fly out, F9 (Flyball, 9LM)
|
Batting: RHB Alfonso Flores
|
0-0: Called Strike 0-1: Ball 1-1: DOUBLE (Line Drive, 8LXD)
|
Batting: RHB Clancy Bradshaw
|
0-0: Ball 1-0: Fly out, F9 (Flyball, 89M) Runner from 2nd tags up, SAFE at 3rd with throw
|
Batting: RHB Maximino Abbado
|
0-0: Ball 1-0: Ball 2-0: Called Strike 2-1: Called Strike 2-2: Strikes out swinging
|
Bottom of the 5th over - 0 runs, 1 hit, 0 errors, 1 left on base; Nantucket 1 - Athens 0 |
TOP OF THE 6TH |
Nantucket Orcas batting - Pitching for Athens Assassins : RHP Raúl Maez
|
Batting: SHB Cristián Salazar
|
0-0: Ball 1-0: Ball 2-0: Ball 3-0: Called Strike 3-1: Base on Balls
|
Batting: RHB Matt Dundee
|
0-0: Ball 1-0: Swinging Strike 1-1: Called Strike Cristián Salazar steals 2nd base 1-2: Strikes out swinging
|
Batting: RHB Luis Cruz
|
0-0: Fly out, F2 (Popup, 2LF)
|
Batting: RHB Armando Hernández
|
0-0: Fly out, F5 (Line Drive, 56)
|
Top of the 6th over - 0 runs, 0 hits, 0 errors, 1 left on base; Nantucket 1 - Athens 0 |
BOTTOM OF THE 6TH |
Athens Assassins batting - Pitching for Nantucket Orcas : RHP Terry Leroux
|
Batting: RHB John Conway
|
0-0: Ball 1-0: Foul Ball, location: 2F 1-1: Foul Ball, location: 2F 1-2: Ball 2-2: Strikes out looking
|
Batting: RHB Britt Short
|
0-0: Ground out 6-3 (Groundball, 6)
|
Batting: RHB Jonathon García
|
0-0: Called Strike 0-1: Swinging Strike 0-2: Ball 1-2: SINGLE (Line Drive, 34)
|
Batting: RHB Kiyonaga Ogawa
|
0-0: Called Strike 0-1: Fly out, F7 (Line Drive, 7)
|
Bottom of the 6th over - 0 runs, 1 hit, 0 errors, 1 left on base; Nantucket 1 - Athens 0 |
TOP OF THE 7TH |
Nantucket Orcas batting - Pitching for Athens Assassins : RHP Raúl Maez
|
Batting: RHB Curt O'Brian
|
0-0: Called Strike 0-1: Ball 1-1: Foul Ball, location: 2F 1-2: Foul Ball, location: 2F 1-2: Ball 2-2: Ball 3-2: Foul Ball, location: 2F 3-2: Foul Ball, location: 2F 3-2: Strikes out swinging
|
Batting: LHB Otis Campbell
|
0-0: Foul Ball, location: 2F 0-1: Ground out 1-3 (Groundball, 13S)
|
Batting: RHB Juan Gómez
|
0-0: Ground out 2-3 (Groundball, 2L)
|
Top of the 7th over - 0 runs, 0 hits, 0 errors, 0 left on base; Nantucket 1 - Athens 0 |
BOTTOM OF THE 7TH |
Athens Assassins batting - Pitching for Nantucket Orcas : RHP Terry Leroux
|
Batting: RHB Jorge Loanos
|
0-0: Foul Ball, location: 2F 0-1: Foul Ball, location: 2F 0-2: Ball 1-2: Fly out, F7 (Flyball, 7S)
|
Batting: RHB Justin Tomlinson
|
0-0: Ball 1-0: Ball 2-0: Swinging Strike 2-1: Foul Ball, location: 2F 2-2: Ball 3-2: DOUBLE (Flyball, 89D)
|
Pitching: RHP Jason Willis
|
|
Pinch Hitting: LHB Brian Turner
|
0-0: Ball 1-0: Swinging Strike 1-1: Foul Ball, location: 2F 1-2: Ball 2-2: Strikes out looking
|
Batting: RHB Clancy Bradshaw
|
0-0: Ball 1-0: Swinging Strike 1-1: Ball 2-1: Ball 3-1: Foul Ball, location: 2F 3-2: Fly out, F9 (Flyball, 89D)
|
Bottom of the 7th over - 0 runs, 1 hit, 0 errors, 1 left on base; Nantucket 1 - Athens 0 |
TOP OF THE 8TH |
Nantucket Orcas batting - Pitching for Athens Assassins : RHP Raúl Maez
|
Pitching: LHP Fernando García
|
|
Now in RF: Brian Turner
|
|
Batting: RHB Charlie Pérez
|
0-0: Ground out 6-3 (Groundball, 56)
|
Batting: RHB Demetrio Inrouville
|
0-0: Called Strike 0-1: Called Strike 0-2: Ball 1-2: Ball 2-2: Foul Ball, location: 2F 2-2: Foul Ball, location: 2F 2-2: Foul Ball, location: 2F 2-2: Ball 3-2: Ground out 3-1 (Groundball, 34)
|
Batting: SHB Cristián Salazar
|
0-0: Called Strike 0-1: Foul Ball, location: 2F 0-2: Ball 1-2: SINGLE (Line Drive, 56D)
|
Batting: RHB Matt Dundee
|
0-0: Ball 1-0: Ball 2-0: Ball 3-0: Hit by Pitch Cristián Salazar to second
|
Batting: RHB Luis Cruz
|
0-0: Ball 1-0: 3-RUN HOME RUN (Line Drive, 9LD), Distance : 358 ft
|
Pitching: LHP Tony Grimes
|
|
Batting: RHB Armando Hernández
|
0-0: Foul Ball, location: 2F 0-1: Ball 1-1: Ball 2-1: Ball 3-1: Foul Ball, location: 2F 3-2: Base on Balls
|
Batting: RHB Curt O'Brian
|
0-0: Ground out 4-3 (Groundball, 34)
|
Top of the 8th over - 3 runs, 2 hits, 0 errors, 1 left on base; Nantucket 4 - Athens 0 |
BOTTOM OF THE 8TH |
Athens Assassins batting - Pitching for Nantucket Orcas : RHP Jason Willis
|
Batting: RHB Maximino Abbado
|
0-0: Called Strike 0-1: Called Strike 0-2: Ball 1-2: Strikes out looking
|
Batting: RHB John Conway
|
0-0: Foul Ball, location: 2F 0-1: Swinging Strike 0-2: Fly out, F9 (Flyball, 9LM)
|
Batting: RHB Britt Short
|
0-0: Ball 1-0: Called Strike 1-1: Swinging Strike 1-2: Fly out, F6 (Popup, 6M)
|
Bottom of the 8th over - 0 runs, 0 hits, 0 errors, 0 left on base; Nantucket 4 - Athens 0 |
TOP OF THE 9TH |
Nantucket Orcas batting - Pitching for Athens Assassins : LHP Tony Grimes
|
Pitching: LHP Dan Thompson
|
|
Batting: LHB Otis Campbell
|
0-0: Called Strike 0-1: Ball 1-1: Ground out 3-1 (Groundball, 34S)
|
Batting: RHB Juan Gómez
|
0-0: Ground out 5-3 (Groundball, 56S)
|
Batting: RHB Charlie Pérez
|
0-0: Called Strike 0-1: Fly out, F8 (Flyball, 8LS)
|
Top of the 9th over - 0 runs, 0 hits, 0 errors, 0 left on base; Nantucket 4 - Athens 0 |
BOTTOM OF THE 9TH |
Athens Assassins batting - Pitching for Nantucket Orcas : RHP Jason Willis
|
Batting: RHB Jonathon García
|
0-0: Ball 1-0: Called Strike 1-1: Called Strike 1-2: Strikes out swinging
|
Batting: RHB Kiyonaga Ogawa
|
0-0: Called Strike 0-1: Hit by Pitch
|
Batting: RHB Jorge Loanos
|
0-0: Called Strike 0-1: Foul Ball, location: 2F 0-2: Strikes out swinging
|
Batting: RHB Justin Tomlinson
|
0-0: Ball 1-0: Called Strike 1-1: Swinging Strike 1-2: Fielders Choice at 2nd, 6-4 (Groundball, 56)
|
Bottom of the 9th over - 0 runs, 0 hits, 0 errors, 1 left on base; Nantucket 4 - Athens 0 |
|